 Dungeon Crawl Stone Soup version 0.30-a0-802-gb92711bcdf (webtiles) character file.

Game seed: 589125349975583236

53 bmack86 the Trooper (level 3, -2/33 HPs)
             Began as a Minotaur Fighter on Feb 24, 2023.
             Slain by a gnoll
             ... wielding a +0 spear
              (4 damage)
             ... on level 2 of the Dungeon.
             The game lasted 00:03:01 (1115 turns).

bmack86 the Trooper (Minotaur Fighter)              Turns: 1115, Time: 00:03:01

Health: -2/33      AC:  8    Str: 22    XL:     3   Next: 64%
Magic:  2/2        EV:  9    Int:  5    God:
Gold:   50         SH:  4    Dex:  9    Spells: 2/2 levels left

rFire   . . .      SeeInvis .    a - +0 war axe
rCold   . . .      Faith    .    c - +0 buckler
rNeg    . . .      Spirit   .    b - +0 scale mail
rPois   +          Reflect  .    (helmet restricted)
rElec   .          Harm     .    g - +0 cloak
rCorr   .          Rampage  .    (no gloves)
Will    .....                    (no boots) Stlth
                                 j - amulet of the acrobat
HPRegen 0.25/turn                q - ring of poison resistance
MPRegen 0.08/turn                (no ring)

@: no status effects
A: horns 2, retaliatory headbutt
a: no special abilities


You were on level 2 of the Dungeon.
You visited 1 branch of the dungeon, and saw 2 of its levels.

You collected 50 gold pieces.

Inventory:

Hand Weapons
 a - a +0 war axe (weapon)
Missiles
 p - 3 poisoned darts (quivered)
Armour
 b - a +0 scale mail (worn)
 c - a +0 buckler (worn)
 g - a +0 cloak (worn)
Jewellery
 j - an amulet of the acrobat (around neck)
 q - a ring of poison resistance (left hand)
Scrolls
 f - a scroll of amnesia {unknown}
 h - a scroll of enchant armour {unknown}
 k - a scroll of fear {unknown}
 l - a scroll of blinking {unknown}
 n - 3 scrolls of poison
 s - 3 scrolls of identify
Potions
 d - a potion of might
 e - 2 potions of cancellation
 m - a potion of berserk rage {unknown}
 o - 3 potions of curing
 r - a potion of flight {unknown}
 t - a potion of heal wounds {unknown}


   Skills:
 + Level 4.1 Fighting
 * Level 3.4 Axes
 + Level 0.7 Throwing
 + Level 4.1 Armour
 + Level 4.0 Shields


You had 2 spell levels left.
You didn't know any spells.
Your spell library was empty.

Dungeon Overview and Level Annotations

Branches:
Dungeon (2/15)

Altars:


Innate Abilities, Weirdness & Mutations

You have a pair of horns on your head.
You reflexively headbutt those who attack you in melee.


Message History

You closely miss the gnoll.
The endoplasm quivers.
The gnoll shouts!
The gnoll hits you with a +0 club.
You hit the gnoll but do no damage. The gnoll hits you with a +0 club. x2
You hit the gnoll.
The gnoll is moderately wounded.
The gnoll hits you but does no damage.
A rat comes into view.
The gnoll hits you from afar with a +2 vampiric spear.
You hit the gnoll but do no damage.
The gnoll is moderately wounded.
You block the gnoll's attack.
The gnoll hits you from afar with a +2 vampiric spear.
You slash the gnoll!
You kill the gnoll!
You block the gnoll's attack.
A gnoll comes into view. It is wielding a +0 club.
The gnoll hits you from afar with a +2 vampiric spear!
The gnoll shouts!
You slash the endoplasm!
You kill the endoplasm!
The gnoll barely misses you. The gnoll closely misses you.
The rat twitches its whiskers.
The gnoll completely misses you.
Things that are here:
a +0 club; a scroll labelled KATOUXUCHA The gnoll closely misses you. x2; You furiously retaliate!
You headbutt the gnoll! You slash the gnoll!
The gnoll is severely wounded.
You barely miss the gnoll. You hit the gnoll.
The gnoll hits you with a +0 club. The gnoll closely misses you.
The gnoll hits you with a +2 vampiric spear!
* * * LOW HITPOINT WARNING * * *
The gnoll draws strength from your wounds!
You block the gnoll's attack. The gnoll completely misses you.
The gnoll hits you with a +0 spear.
You die...

#..... .......
#....(. .......
#...).# .......
#.....##.(.....
##.....(.......
##............
#.......rgg#
#.......)@.#
#........g.#....
#..........#....
#....#..........
#....#..........
#...............
#...............
#...............
#...............


You could see 3 gnolls and a rat.

Vanquished Creatures
  A gnoll (D:2)
  3 dart slugs (D:1)
  3 ball pythons (D:1)
  A bat (D:1)
  4 endoplasms
  2 giant cockroaches
  3 goblins
  7 hobgoblins
  4 kobolds (D:1)
  6 rats
34 creatures vanquished.

Vanquished Creatures (others)
  2 fungi (D:1)
  5 plants (D:1)
  14 toadstools (D:1)
21 creatures vanquished.

Grand Total: 55 creatures vanquished

Notes
Turn   | Place    | Note
-------+----------+-------------------------------------------
     0 | D:1      | bmack86 the Minotaur Fighter began the quest for the Orb.
     0 | D:1      | Reached XP level 1. HP: 19/19 MP: 0/0
    93 | D:1      | Found a faded altar of an unknown god.
   138 | D:1      | Reached XP level 2. HP: 27/27 MP: 1/1
   545 | D:1      | Reached XP level 3. HP: 28/33 MP: 2/2
  1115 | D:2      | Slain by a gnoll

Illustrated notes

Levels and vault maps discovered:
D:1:      nagdon_arrival_zigzag_paths, layout_loops_ring,
          shapermc_ecumenical_altar_mp_ritualfount
D:2:      layout_basic, kennysheep_generic_room_9, uniq_jessica

Skill      XL: |  1  2  3 |
---------------+----------+-----
Axes           | 3 |  3.4
Fighting       | 4 |  4.1
Armour         | 4 |  4.1
Shields        | 4 |  4.0
Throwing       | |  0.7

Action                     || total
---------------------------++-------
  Melee: War axe           ||    59
         Headbutt          ||     7
  Throw: Javelin           ||     7
    Use: Scroll            ||     3
 Armour: Scale mail        ||    19
  Dodge: Dodged            ||    25
  Block: Buckler           ||    14

Table legend: (Time is in decaauts)
 A = Elapsed time spent in this place.
 B = Non-inter-level travel time spent in this place.
 C = Inter-level travel time spent in this place.
 D = Time resting spent in this place.
 E = Time spent auto-exploring this place.
 F = Levels seen in this place.
 G = Mean time per level.
                   A        B        C        D        E       F      G
               +--------+--------+--------+--------+--------+-----+--------+
         Total |   1140 |   1104 |     36 |      0 |    721 |   2 |  570.0 |
       Dungeon |   1140 |   1104 |     36 |      0 |    721 |   2 |  570.0 |
               +--------+--------+--------+--------+--------+-----+--------+

Top non-repeatable levels by time:
     D:1: 994 daAuts
     D:2: 146 daAuts
